 Dungeon Crawl Stone Soup version 0.31.0-32-g396128a36d (webtiles) character file.

Game seed: 3358268412391226838

81 spaghetti the Covered (level 4, -3/63 HPs)
             Began as a Naga Chaos Knight on Mar 11, 2024.
             Was a Plaything of Xom.
             Killed by the air
             ... invoked by a wind drake
              (7 damage)
             ... on level 2 of the Dungeon.
             The game lasted 00:02:43 (1775 turns).

spaghetti the Covered (Naga Chaos Knight)           Turns: 1775, Time: 00:02:44

Health: -3/63      AC:  7    Str: 16    XL:     4   Next: 42%
Magic:  4/4        EV:  9    Int: 12    God:    Xom [*.....]
Gold:   48         SH:  0    Dex: 11    Spells: 3/3 levels left

rFire   . . .        a - +0 spear (chaos)
rCold   . . .        (no shield)
rNeg    . . .        b - +2 leather armour
rPois   +            (no helmet)
rElec   .            k - +1 cloak
rCorr   .            (no gloves)
SInv    +            (no barding)
Will    .....        (no amulet) Stlth
                     (no ring)
HPRegen 0.30/turn    (no ring)
MPRegen 0.09/turn

%: no passive effects
@: mighty, berserking (expiring), quick
A: AC +1, large, see invisible, deformed body, poison resistance, slowness 2,
spit poison 1, naga tail 1
a: Spit Poison, Renounce Religion


You were on level 2 of the Dungeon.
You worshipped Xom.
You were a special plaything of Xom.
You visited 1 branch of the dungeon, and saw 3 of its levels.

You collected 48 gold pieces.

Inventory:

Hand Weapons
 a - a +0 spear of chaos (weapon)
Armour
 b - a +2 leather armour (worn)
 k - a +1 cloak (worn)
Scrolls
 d - 2 scrolls of teleportation {unknown}
 e - a scroll of fear {unknown}
 h - 2 scrolls of vulnerability {unknown}
 i - a scroll of revelation {unknown}
 l - a scroll of poison {unknown}
 m - a scroll of torment {unknown}
 n - 3 scrolls of identify
Potions
 g - 3 potions of might


   Skills:
 - Level 3.0 Fighting
 - Level 3.0 Polearms
 + Level 3.7 Armour
 - Level 0.7 Dodging


You had 3 spell levels left.
You didn't know any spells.
Your spell library contained the following spells:

 Spells                   Type           Power      Damage    Failure   Level
 Foxfire                  Conj/Fire      0%         2x1d4     36%         1
 Plasma Beam              Fire/Air       0%         2x1d10    100%        6
 Starburst                Conj/Fire      0%         6d3       100%        6


Dungeon Overview and Level Annotations

Branches:
Dungeon (3/15)

Altars:
Elyvilon
Nemelex Xobeh
Ru
Xom
The Shining One


Innate Abilities, Weirdness & Mutations

Your serpentine skin is tough. (AC +1)
You have supernaturally acute eyesight. (SInv)
Armour fits poorly on your strangely shaped body.
Your system is resistant to poisons. (rPois)
You cover ground very slowly.
You can spit poison.
You have a snake-like lower body.


Message History

You are knocked back by the gust of wind.
You slam into the rock wall!
* * * LOW HITPOINT WARNING * * *
You hit the wind drake. You freeze the wind drake.
The wind drake is severely wounded.
The wind drake bites you.
* * * LOW HITPOINT WARNING * * *
You feel better. The wind drake flaps its wings at you.
The air twists around and strikes you!
* * * LOW HITPOINT WARNING * * *
The wind drake closely misses you.
As you read the scroll of butterflies, it crumbles to dust.
You hear the flapping of tiny wings.
The wind drake is knocked back by the sudden gust.
It was a potion of berserk rage.
A red film seems to cover your vision as you go berserk!
You feel yourself moving faster!
You feel mighty!
The wind drake closely misses your butterfly.
You swap places.
You feel a strong urge to attack something.
The wind drake flaps its wings at you. The air twists around and strikes you.
Reach: a) +0 spear (chaos)
Press: ? - help, Dir - move target, f/p - wind drake
Aim: a wind drake (severely wounded, repelling missiles, ally target, about 54% to evade your +0 spear of chaos)
You could not reach far enough!
Reach: a) +0 spear (chaos)
Press: ? - help, Dir - move target, f/p - wind drake
Aim: a wind drake (severely wounded, repelling missiles, ally target, about 54% to evade your +0 spear of chaos)
You could not reach far enough!
The wind drake closely misses your butterfly.
Reach: a) +0 spear (chaos)
Press: ? - help, Dir - move target, f/p - wind drake
Aim: a wind drake (severely wounded, repelling missiles, ally target, about 54% to evade your +0 spear of chaos)
You could not reach far enough!
The wind drake flaps its wings at you. The air twists around and strikes you!
You die...
Xom thinks this is hilarious!

...............####.#
.####.######.#.####.######### .#
#.##.._.......#......(..#
#####.##.....b....#########.#
..).......##.#..#.# #...###
#####.##..##.>..bb# #.....## #
#.##..####kbbb#######......# #
#.##..####.bbbb........_...# #
#...)..).bbb@bbbb..#.......# ##
####..######b.###..........# .#
#..# ##bb###.###.#...##
.#######..#####bb.b.#.###.#.#.##
................###.#..........##
.############.bb# #.#..###.##.##.
.# #...###.#............ .#
#...........######### .#
#.......#..##


You could see a wind drake (repels missiles, ally target).

Vanquished Creatures
  An adder (D:2)
  4 dart slugs
  6 ball pythons
  7 endoplasms
  7 goblins
  10 hobgoblins
  4 jackals (D:2)
  4 quokkas
  5 bats
  3 frilled lizards
  4 kobolds (D:1)
  4 rats
59 creatures vanquished.

Vanquished Creatures (others)
  A dart slug zombie (D:3)
1 creature vanquished.

Grand Total: 60 creatures vanquished

Notes
Turn   | Place    | Note
-------+----------+-------------------------------------------
     0 | D:1      | spaghetti the Naga Chaos Knight began the quest for the
                  | Orb.
     0 | D:1      | Reached XP level 1. HP: 21/21 MP: 1/1
   109 | D:1      | Reached XP level 2. HP: 28/28 MP: 2/2
   293 | D:1      | Reached XP level 3. HP: 34/34 MP: 3/3
   459 | D:1      | XOM: divination: detect items
   474 | D:1      | XOM: silly message
   513 | D:1      | XOM: silly message
   600 | D:1      | XOM: silly message
   741 | D:2      | XOM: divination: detect creatures
   977 | D:2      | Found a faded altar of an unknown god.
  1190 | D:2      | Reached XP level 4. HP: 29/42 MP: 4/4
  1433 | D:3      | Found a white marble altar of Elyvilon.
  1433 | D:3      | XOM: 6-stop teleportation journey
  1453 | D:3      | Found a sacrificial altar of Ru.
  1458 | D:3      | Found a glowing golden altar of the Shining One.
  1705 | D:3      | Found a sparkling altar of Nemelex Xobeh.
  1753 | D:2      | a hobgoblin changed into a wind drake
  1753 | D:2      | Noticed a wind drake
  1753 | D:2      | XOM: polymorph hobgoblin -> wind drake
  1760 | D:2      | XOM: confuse monster(s)
  1763 | D:2      | XOM: scenery: create altars
  1769 | D:2      | HP: 1/42 [wind drake/the air (15)]
  1775 | D:2      | Killed from afar by a wind drake

Illustrated notes

Levels and vault maps discovered:
D:1:      dpeg_arrival_court, layout_basic
D:2:      layout_loops_ring, ebering_ecumenical_altar_sacrificial
D:3:      layout_basic, nemelex_diamond_rough_becter, minitemple,
          grunt_ministairs_12, kennysheep_doodads, nicolae_shop_vocational

Skill      XL: |  1  2  3 |
---------------+----------+-----
Armour         | 2 3 |  3.7
Fighting       | |  3.0
Polearms       | |  3.0
Dodging        | |  0.7

Action                     |  1- 3 |  4- 6 || total
---------------------------+-------+-------++-------
  Melee: Spear             |   135 |    71 ||   206
         Punch             |     3 |     1 ||     4
Ability: Spit Poison       |       |     1 ||     1
    Use: Scroll            |     1 |     1 ||     2
         Potion            |       |     4 ||     4
   Stab: Sleeping          |     1 |       ||     1
 Armour: Leather armour    |    63 |    39 ||   102
  Dodge: Dodged            |    46 |    22 ||    68
